 Dungeon Crawl Stone Soup version 0.31-a0-523-g071a6c1ffa (webtiles) character file.

Game seed: 17745784120841679015

54 Babbit the Gusty (level 3, -2/26 HPs)
             Began as a Demigod Air Elementalist on Aug 12, 2023.
             Slain by a goblin
             ... wielding a +0 dagger
              (3 damage)
             ... on level 2 of the Dungeon.
             The game lasted 00:11:40 (1476 turns).

Babbit the Gusty (Demigod Air Elementalist)         Turns: 1476, Time: 00:11:41

Health: -2/26      AC:  3    Str:  9    XL:     3   Next: 44%
Magic:  1/8        EV: 12    Int: 21    God:
Gold:   77         SH:  0    Dex: 14    Spells: 3/6 levels left

rFire   . . .        e - +0 dagger
rCold   . . .        (no shield)
rNeg    . . .        a - +0 robe
rPois   .            (no helmet)
rElec   .            (no cloak)
rCorr   .            j - +0 pair of gloves
SInv    .            (no boots)
Will    .....        (no amulet)
Stlth   ++           (no ring)
HPRegen 0.24/turn    (no ring)
MPRegen 0.11/turn

%: no passive effects
@: lethally poisoned (-2 -> -4)
A: high MP 1, forlorn, divine attributes
a: no special abilities


You were on level 2 of the Dungeon.
You visited 1 branch of the dungeon, and saw 2 of its levels.

You collected 77 gold pieces.

Inventory:

Hand Weapons
 e - a +0 dagger (weapon)
Armour
 a - a +0 robe (worn)
 j - a +0 pair of gloves (worn)
Scrolls
 c - a scroll of immolation {unknown}
 d - a scroll of enchant armour {unknown}
 f - a scroll of identify
 g - a scroll of teleportation {unknown}
 i - a scroll of vulnerability {unknown}
 k - a scroll of revelation {unknown}
Potions
 b - a potion of ambrosia
 h - a potion of berserk rage {unknown}


   Skills:
 + Level 0.7 Short Blades
 + Level 1.9 Dodging
 + Level 2.0 Stealth
 + Level 2.1 Spellcasting
 + Level 1.8 Conjurations
 + Level 3.2 Air Magic


You had 3 spell levels left.
You knew the following spells:

 Your Spells              Type           Power      Damage    Failure   Level
a - Shock                 Conj/Air       48%        1d6       4%          1
b - Static Discharge      Conj/Air       24%        2-3/arc   8%          2

Your spell library contained the following spells:

 Spells                   Type           Power      Damage    Failure   Level
 Swiftness                Air            15%        N/A       12%         3
 Airstrike                Air            7%         2d(2-18)  36%         4


Dungeon Overview and Level Annotations

Branches:
Dungeon (2/15)

Shops:
D:1 (


Innate Abilities, Weirdness & Mutations

You have an increased reservoir of magic. (+10% MP)
You shall have no god before yourself.
Your divine heritage dramatically boosts your attributes as you level up.


Message History

The zap hits the adder.
The adder is severely wounded.
The adder barely misses you. x2; The kobold hits you with a +0 whip.
The goblin misses you.
Aiming: Shock (safe; 4% risk of failure)
Press: ? - help, Q - select action, (/) - cycle Shift-Dir - straight line, f/p - adder
Aim: an adder (heavily wounded, 48% to hit)
The zap hits the adder.
The adder is severely wounded.
The adder barely misses you. The goblin hits you but does no damage.
The kobold hits you with a +0 whip.
Aiming: Shock (safe; 4% risk of failure)
Press: ? - help, Q - select action, (/) - cycle Shift-Dir - straight line, f/p - adder
Aim: an adder (severely wounded, 48% to hit)
The zap hits the adder.
The adder is almost dead.
The adder bites you.
You are poisoned.
The adder poisons you! The kobold misses you. The goblin barely misses you.
You hit the adder.
The adder is almost dead.
You feel sick. The adder closely misses you. The adder bites you.
The kobold hits you with a +0 whip. The goblin hits you with a +0 dagger.
You barely miss the adder.
The adder is almost dead.
You feel sick. The adder barely misses you.
The goblin hits you with a +0 dagger.
* * * LOW HITPOINT WARNING * * *
The kobold hits you but does no damage.
Unknown command.
You hit the adder.
You kill the adder!
You feel sick. The goblin closely misses you.
The kobold hits you but does no damage.
You hit the kobold.
The kobold is severely wounded.
You feel sick. The kobold hits you with a +0 whip.
* * * LOW HITPOINT WARNING * * *
The goblin hits you with a +0 dagger.
You die...

..#.#
####.######
#......#
#......#
#......#
#......#
#......#
#......#
#..@K..#
#..g†......
#..........
#..........
#.#.#.#....
#..........
###...#.###
###.#.#


You could see a goblin and a kobold.

Vanquished Creatures
  2 adders (D:2)
  3 dart slugs
  4 endoplasms (D:1)
  2 giant cockroaches (D:1)
  6 goblins (D:1)
  2 hobgoblins (D:1)
  A quokka (D:1)
  3 ball pythons (D:1)
  A bat (D:1)
  2 kobolds (D:1)
  3 rats (D:1)
29 creatures vanquished.

Notes
Turn   | Place    | Note
-------+----------+-------------------------------------------
     0 | D:1      | Babbit the Demigod Air Elementalist began the quest for the
                  | Orb.
     0 | D:1      | Reached XP level 1. HP: 14/14 MP: 5/5
   104 | D:1      | Reached skill level 1 in Conjurations
   415 | D:1      | Found Kaluny Wosue's Antique Weapon Shop.
   430 | D:1      | Reached skill level 3 in Air Magic
   430 | D:1      | Reached XP level 2. HP: 20/20 MP: 2/7
  1025 | D:1      | Learned a level 2 spell: Static Discharge
  1232 | D:1      | Reached XP level 3. HP: 26/26 MP: 5/8
  1476 | D:2      | HP: 1/26 [kobold/+0 whip (3)]
  1476 | D:2      | Slain by a goblin

Illustrated notes

Levels and vault maps discovered:
D:1:      matt_arrival_refuge, layout_basic, serial_shops, shop,
          nicolae_kite_square_tiling_tiny, minmay_misc_feat_diagonals
D:2:      layout_basic, ebering_ecumenical_altar_rust, uniq_natasha

Skill      XL: |  1  2 |
---------------+-------+-----
Conjurations   | 1 |  1.8
Air Magic      | 3 |  3.2
Stealth        | 2 |  2.0
Spellcasting   | 2 |  2.1
Short Blades   | |  0.7
Dodging        | |  1.9

Action                     || total
---------------------------++-------
  Melee: Unarmed           ||     6
         Dagger            ||     9
   Cast: Shock             ||    68
    Use: Potion            ||     1
         Scroll            ||     1
 Armour: Robe              ||     6
  Dodge: Dodged            ||    25

Table legend: (Time is in decaauts)
 A = Elapsed time spent in this place.
 B = Non-inter-level travel time spent in this place.
 C = Inter-level travel time spent in this place.
 D = Time resting spent in this place.
 E = Time spent auto-exploring this place.
 F = Levels seen in this place.
 G = Mean time per level.
                   A        B        C        D        E       F      G
               +--------+--------+--------+--------+--------+-----+--------+
         Total |   1475 |   1411 |     64 |    433 |    703 |   2 |  737.5 |
       Dungeon |   1475 |   1411 |     64 |    433 |    703 |   2 |  737.5 |
               +--------+--------+--------+--------+--------+-----+--------+

Top non-repeatable levels by time:
     D:1: 1383 daAuts
     D:2: 91 daAuts
